BOSTON vs WASHINGTON

Created - May-08-21 at 20:49

Goals
1 2 3 T
BOSTON 0 0 0 0
WASHINGTON 1 1 2 4
Shots
1 2 3 T
BOSTON 5 10 4 19
WASHINGTON 6 9 12 27

1st period

1. WASHINGTON , Matt Niskanen 11 (Ryan O'Reilly 28, Blake Wheeler 24) at 0:30

Penalties :
Cal Clutterbuck (WSH) for Holding (Minor) at 4:05, Matt Niskanen (WSH) for Hooking (Minor) at 7:01

2nd period

2. WASHINGTON , Matt Niskanen 12 (Victor Hedman 44, Justin Williams 10) at 6:49

Penalties :
Philippe Myers (BOS) for Hooking (Minor) at 2:54, Matt Niskanen (WSH) for Slashing (Minor) at 8:23

3rd period

3. WASHINGTON , Ryan O'Reilly 13 (Victor Hedman 45, Blake Wheeler 25) at 12:27
4. WASHINGTON , Ryan Graves 7 (Zach Parise 30, Blake Wheeler 26) at 16:52

Penalties :
Philippe Myers (BOS) for Hooking (Minor) at 1:35, Philippe Myers (BOS) for Hooking (Minor) at 7:05

Goalie Stats

Thatcher Demko (BOS), 23 saves from 27 shots - (0.852), L, 18-19-2, 60:00 minutes
Carter Hart (WSH), 19 saves from 19 shots - (1.000), W, 28-14-6, 60:00 minutes

Players Stats for BOSTON

Player Name              G  A  P  +/- PIM S  H  SB GA TA FO     MP     PP MP  PK MP  
------------------------------------------------------------------------------------
Alec Martinez            0  0  0   0  0   0  0  3  0  0  0/0    20:41   2:44   2:42 
Aleksi Saarela           0  0  0   0  0   0  0  0  0  0  0/0     0:00   0:00   0:00 
Alexandre Texier         0  0  0   0  0   0  0  0  0  0  3/6     4:29   0:00   0:20 
Andrew Mangiapane        0  0  0   0  0   3  1  0  0  0  0/2    16:02   0:00   0:34 
Blake Comeau             0  0  0  -1  0   1  3  0  0  0  1/2    18:22   2:44   0:00 
Casey Mittelstadt        0  0  0   0  0   0  0  0  0  0  2/10   15:28   0:00   0:00 
Filip Hronek             0  0  0   0  0   1  2  0  0  0  0/0    21:00   2:44   3:01 
Ilya Kovalchuk           0  0  0  -1  0   1  0  0  0  0  0/0    20:08   2:44   1:46 
Ivan Barbashev           0  0  0  -1  0   0  0  0  0  0  6/16   18:03   2:25   0:00 
Ivan Provorov            0  0  0  -3  0   2  1  3  0  0  0/0    23:18   3:13   2:56 
Juuso Valimaki           0  0  0  -1  0   0  0  1  0  0  0/0    16:01   0:00   0:19 
Kevin Fiala              0  0  0  -3  0   2  1  0  0  0  0/1    17:33   2:56   1:46 
Miles Wood               0  0  0   0  0   1  0  0  0  0  0/1    15:28   0:00   0:00 
Miro Heiskanen           0  0  0  -3  0   3  0  1  0  0  0/0    23:18   3:13   2:56 
Nicolas Roy              0  0  0   0  0   0  0  0  0  0  0/0     0:36   0:36   0:00 
Philippe Myers           0  0  0  -1  6   0  2  3  0  0  0/0    15:39   0:00   0:00 
Reilly Smith             0  0  0  -3  0   3  1  0  0  0  4/9    23:30   3:13   3:17 
Victor Olofsson          0  0  0   0  0   1  0  1  0  0  0/0     5:03   0:00   0:54 
William Nylander         0  0  0  -3  0   1  1  0  0  0  7/17   19:21   3:13   3:17 

Players Stats for WASHINGTON

Player Name              G  A  P  +/- PIM S  H  SB GA TA FO     MP     PP MP  PK MP  
------------------------------------------------------------------------------------
Blake Wheeler            0  3  3   3  0   0  3  0  0  0  0/0    18:27   2:28   0:00 
Brayden Schenn           0  0  0   1  0   0  1  0  0  0  2/2    17:49   3:25   0:00 
Brendan Gallagher        0  0  0   0  0   5  1  0  0  0  1/1    19:46   2:32   0:00 
Cal Clutterbuck          0  0  0   0  2   1  0  0  0  0  0/0     8:35   0:23   2:06 
Casey Cizikas            0  0  0   1  0   3  2  0  0  0  5/6    12:50   0:57   2:57 
Clayton Keller           0  0  0   0  0   2  0  0  0  0  0/0    19:46   2:32   0:00 
Damon Severson           0  0  0   0  0   1  2  1  0  0  0/0    21:06   3:06   2:02 
Dylan DeMelo             0  0  0   1  0   0  1  0  0  0  0/0    13:05   0:23   0:05 
Justin Williams          0  1  1   1  0   2  0  0  0  0  2/3    10:12   1:16   0:00 
Luke Glendening          0  0  0   0  0   0  1  0  0  0  7/11    9:07   0:00   3:00 
Matt Niskanen            2  0  2   3  4   2  1  1  0  0  0/0    20:49   2:09   1:15 
Radko Gudas              0  0  0   0  0   0  0  1  0  0  0/0    18:33   0:00   2:35 
Ryan Getzlaf             0  0  0   0  0   4  3  0  0  0  9/16   20:55   2:32   0:41 
Ryan Graves              1  0  1   1  0   2  2  3  0  0  0/0    16:30   0:42   2:44 
Ryan O'Reilly            1  1  2   3  0   2  0  0  0  0  15/25  21:30   2:43   2:57 
Victor Hedman            0  2  2   3  0   2  1  3  0  0  0/0    24:26   2:09   3:13 
Victor Mete              0  0  0   0  0   0  0  0  0  0  0/0     2:04   0:00   0:00 
Zach Parise              0  1  1   3  0   1  0  0  0  0  0/0    18:30   2:28   0:13 

3 Stars

1 - Blake Wheeler (WSH)
2 - Ryan O'Reilly (WSH)
3 - Matt Niskanen (WSH)

Power Play

BOSTON - 0 on 3 Attempt(s) - 0.00%
WASHINGTON - 0 on 3 Attempt(s) - 0.00%

Penalty Kill

BOSTON - 3 on 3 Attempt(s) - 100.00% - Score 0 goal in Penalty Kill
WASHINGTON - 3 on 3 Attempt(s) - 100.00% - Score 0 goal in Penalty Kill

Team Stat

BOSTON - Hits : 12 - Faceoff Wins : 23 - Blocked Shots : 12 - Penalty Minutes : 6
WASHINGTON - Hits : 18 - Faceoff Wins : 41 - Blocked Shots : 9 - Penalty Minutes : 6

Official

Referees : Adam Bloski and Ian Walsh
Linesman : James Tobias and Brent Hooks

Game Notes

No Game Note

Finance

Level 1 -- Attendance: 6000 (100.00%) -- Ticket Income $498,000
Level 2 -- Attendance: 5000 (100.00%) -- Ticket Income $255,000
Level 3 -- Attendance: 1929 (96.45%) -- Ticket Income $50,154
Level 4 -- Attendance: 3832 (95.80%) -- Ticket Income $61,312
Luxury Box -- Attendance: 958 (95.80%) -- Ticket Income $162,860
Game was played at the Verizon Center.
Total Attendance: 17719 (98.44%)
Total Ticket Income: $1,027,326
Total Income: $1,027,326

BOSTON

5 vs 5 Forward 
   Center                   Left Wing                Right Wing               Time % Phy DF OF 
 1 William Nylander         Reilly Smith             Kevin Fiala              35     1   2  2  
 2 Ivan Barbashev           Ilya Kovalchuk           Blake Comeau             30     1   2  2  
 3 Casey Mittelstadt        Andrew Mangiapane        Miles Wood               25     1   2  2  
 4 Alexandre Texier         Victor Olofsson          Reilly Smith             10     1   2  2  

5 vs 5 Defense 
   Defense                  Defense                                           Time % Phy DF OF 
 1 Ivan Provorov            Miro Heiskanen                                    35     1   2  2  
 2 Alec Martinez            Filip Hronek                                      30     1   2  2  
 3 Philippe Myers           Juuso Valimaki                                    25     1   2  2  
 4 Ivan Provorov            Miro Heiskanen                                    10     1   2  2  

PowerPlay Forward 
   Center                   Left Wing                Right Wing               Time % Phy DF OF 
 1 William Nylander         Reilly Smith             Kevin Fiala              60     1   2  2  
 2 Ivan Barbashev           Ilya Kovalchuk           Blake Comeau             40     1   2  2  

PowerPlay Defense
   Defense                  Defense                                           Time % Phy DF OF 
 1 Ivan Provorov            Miro Heiskanen                                    60     1   2  2  
 2 Alec Martinez            Filip Hronek                                      40     1   2  2  

Penalty Kill 4 Players Forward 
   Center                   Wing                     Time % Phy DF OF 
 1 Reilly Smith             William Nylander         60     1   2  2  
 2 Kevin Fiala              Ilya Kovalchuk           40     1   2  2  

Penalty Kill 4 Players Defense
   Defense                  Defense                  Time % Phy DF OF 
 1 Ivan Provorov            Miro Heiskanen           60     1   2  2  
 2 Alec Martinez            Filip Hronek             40     1   2  2  

Penalty Kill - 3 Players Forward 
   Forward                                           Time % Phy DF OF 
 1 Reilly Smith                                      60     1   2  2  
 2 William Nylander                                  40     1   2  2  

Penalty Kill - 3 Players Defense
   Defense                  Defense                  Time % Phy DF OF 
 1 Ivan Provorov            Miro Heiskanen           60     1   2  2  
 2 Alec Martinez            Filip Hronek             40     1   2  2  

4 vs 4 Forward 
   Center                   Wing                     Time % Phy DF OF 
 1 Reilly Smith             William Nylander         60     1   2  2  
 2 Kevin Fiala              Ilya Kovalchuk           40     1   2  2  

4 vs 4 Defense
   Defense                  Defense                  Time % Phy DF OF 
 1 Ivan Provorov            Miro Heiskanen           60     1   2  2  
 2 Alec Martinez            Filip Hronek             40     1   2  2  

Last Minutes Offensive
   Center                   Left Wing                Right Wing               Defense                  Defense                  
   William Nylander         Reilly Smith             Kevin Fiala              Ivan Provorov            Miro Heiskanen           

Last Minutes Defensive
   Center                   Left Wing                Right Wing               Defense                  Defense                  
   William Nylander         Reilly Smith             Kevin Fiala              Ivan Provorov            Miro Heiskanen           

Goaltenders
Starting : Thatcher Demko           
Backup : Martin Jones             

Extra Forwards
Normal : Nicolas Roy, Aleksi Saarela, Andrew Mangiapane - PP : Nicolas Roy, Aleksi Saarela - PK : Andrew Mangiapane
Extra Defensemen
Normal : Philippe Myers, Juuso Valimaki, Alec Martinez - PP : Philippe Myers - PK : Juuso Valimaki, Alec Martinez
Penalty Shots
Reilly Smith, William Nylander, Kevin Fiala, Ilya Kovalchuk, Blake Comeau

Scratches
Filip Zadina (Healthy), BOS Cap Hit (Suspend), Robert Hagg (Healthy)

WASHINGTON

5 vs 5 Forward 
   Center                   Left Wing                Right Wing               Time % Phy DF OF 
 1 Ryan O'Reilly            Zach Parise              Blake Wheeler            35     0   2  3  
 2 Ryan Getzlaf             Clayton Keller           Brendan Gallagher        35     0   2  3  
 3 Casey Cizikas            Brayden Schenn           Justin Williams          20     1   2  2  
 4 Luke Glendening          Brayden Schenn           Cal Clutterbuck          10     2   2  1  

5 vs 5 Defense 
   Defense                  Defense                                           Time % Phy DF OF 
 1 Victor Hedman            Matt Niskanen                                     40     0   3  2  
 2 Damon Severson           Radko Gudas                                       35     0   3  2  
 3 Ryan Graves              Dylan DeMelo                                      24     0   3  2  
 4 Victor Hedman            Victor Mete                                       1      0   3  2  

PowerPlay Forward 
   Center                   Left Wing                Right Wing               Time % Phy DF OF 
 1 Ryan O'Reilly            Zach Parise              Blake Wheeler            65     0   0  5  
 2 Ryan Getzlaf             Clayton Keller           Brendan Gallagher        35     0   0  5  

PowerPlay Defense
   Defense                  Defense                                           Time % Phy DF OF 
 1 Damon Severson           Brayden Schenn                                    65     0   1  4  
 2 Victor Hedman            Matt Niskanen                                     35     0   1  4  

Penalty Kill 4 Players Forward 
   Center                   Wing                     Time % Phy DF OF 
 1 Ryan O'Reilly            Casey Cizikas            50     0   5  0  
 2 Luke Glendening          Cal Clutterbuck          50     0   5  0  

Penalty Kill 4 Players Defense
   Defense                  Defense                  Time % Phy DF OF 
 1 Victor Hedman            Matt Niskanen            50     0   5  0  
 2 Ryan Graves              Radko Gudas              50     0   5  0  

Penalty Kill - 3 Players Forward 
   Forward                                           Time % Phy DF OF 
 1 Ryan O'Reilly                                     65     0   5  0  
 2 Luke Glendening                                   35     0   5  0  

Penalty Kill - 3 Players Defense
   Defense                  Defense                  Time % Phy DF OF 
 1 Victor Hedman            Matt Niskanen            65     0   5  0  
 2 Ryan Graves              Radko Gudas              35     0   5  0  

4 vs 4 Forward 
   Center                   Wing                     Time % Phy DF OF 
 1 Ryan O'Reilly            Blake Wheeler            65     0   2  3  
 2 Ryan Getzlaf             Brayden Schenn           35     0   2  3  

4 vs 4 Defense
   Defense                  Defense                  Time % Phy DF OF 
 1 Victor Hedman            Matt Niskanen            65     0   3  2  
 2 Damon Severson           Radko Gudas              35     0   3  2  

Last Minutes Offensive
   Center                   Left Wing                Right Wing               Defense                  Defense                  
   Ryan O'Reilly            Brayden Schenn           Blake Wheeler            Victor Hedman            Matt Niskanen            

Last Minutes Defensive
   Center                   Left Wing                Right Wing               Defense                  Defense                  
   Ryan O'Reilly            Casey Cizikas            Blake Wheeler            Victor Hedman            Ryan Graves              

Goaltenders
Starting : Carter Hart              
Backup : Carter Hutton            

Extra Forwards
Normal : Blake Wheeler, Ryan O'Reilly, Brayden Schenn - PP : Justin Williams, Casey Cizikas - PK : Ryan Getzlaf
Extra Defensemen
Normal : Victor Hedman, Damon Severson, Matt Niskanen - PP : Ryan Graves - PK : Damon Severson, Dylan DeMelo
Penalty Shots
Ryan Getzlaf, Zach Parise, Justin Williams, Blake Wheeler, Ryan O'Reilly

Scratches
WSH Cap Hit (Suspend), Sam Bennett (Healthy), Martin Frk (Healthy)

% Time on Ice - BOSTON

Lines # - Real PCT - Wanted PCT - Time Play
Normal Forward
1 - 27% - 35% - 12:51
2 - 33% - 30% - 15:38
3 - 32% - 25% - 15:28
4 - 9% - 10% - 4:09
Normal Defense
1 - 34% - 35% - 16:13
2 - 32% - 30% - 15:15
3 - 33% - 25% - 15:42
4 - 2% - 10% - 0:56
PP Forward
1 - 54% - 60% - 3:13
2 - 46% - 40% - 2:44
PP Defense
1 - 54% - 60% - 3:13
2 - 46% - 40% - 2:44
PK Forward
1 - 70% - 60% - 4:11
2 - 30% - 40% - 1:46
PK Defense
1 - 49% - 60% - 2:56
2 - 51% - 40% - 3:01
PK3 Forward
1 - 0% - 60%
2 - 0% - 40%
PK3 Defense
1 - 0% - 60%
2 - 0% - 40%
44 Forward
1 - 0% - 60%
2 - 0% - 40%
44 Defense
1 - 0% - 60%
2 - 0% - 40%
Last Minute Offensive  - 0:00
Last Minute Defensive  - 0:00
Total
Forward - 60:00
Defense - 60:00

% Time on Ice - WASHINGTON

Lines # - Real PCT - Wanted PCT - Time Play
Normal Forward
1 - 33% - 35% - 15:49
2 - 36% - 35% - 17:14
3 - 19% - 20% - 8:56
4 - 13% - 10% - 6:07
Normal Defense
1 - 36% - 40% - 17:27
2 - 33% - 35% - 15:58
3 - 26% - 24% - 12:37
4 - 4% - 1% - 2:04
PP Forward
1 - 57% - 65% - 3:25
2 - 43% - 35% - 2:32
PP Defense
1 - 64% - 65% - 3:48
2 - 36% - 35% - 2:09
PK Forward
1 - 50% - 50% - 2:57
2 - 50% - 50% - 3:00
PK Defense
1 - 54% - 50% - 3:13
2 - 46% - 50% - 2:44
PK3 Forward
1 - 0% - 65%
2 - 0% - 35%
PK3 Defense
1 - 0% - 65%
2 - 0% - 35%
44 Forward
1 - 0% - 65%
2 - 0% - 35%
44 Defense
1 - 0% - 65%
2 - 0% - 35%
Last Minute Offensive  - 0:00
Last Minute Defensive  - 0:00
Total
Forward - 60:00
Defense - 60:00

Play-by-Play

1st period


0:01 of 1st period - William Nylander wins face-off versus Ryan O'Reilly in neutral zone.
0:12 of 1st period - Shot by Ryan O'Reilly.
0:12 of 1st period - Stopped by Thatcher Demko with a rebound.
0:14 of 1st period - Shot by Victor Hedman.
0:14 of 1st period - Shot Misses the Net.
0:28 of 1st period - Shot by Ryan O'Reilly.
0:28 of 1st period - Shot Misses the Net.
0:30 of 1st period - Shot by Matt Niskanen.
0:30 of 1st period - Goal by Matt Niskanen - BOSTON : 0 - WASHINGTON : 1.
0:31 of 1st period - Ryan Getzlaf wins face-off versus Ivan Barbashev in neutral zone.
0:33 of 1st period - Clayton Keller is hit by Blake Comeau.
1:12 of 1st period - Brendan Gallagher is hit by Filip Hronek and loses puck.
1:32 of 1st period - Blake Comeau is hit by Brayden Schenn.
1:55 of 1st period - Ilya Kovalchuk is hit by Ryan Graves and loses puck.
2:15 of 1st period - Icing by Casey Mittelstadt.
2:16 of 1st period - Casey Mittelstadt wins face-off versus Ryan O'Reilly in BOSTON zone.
2:16 of 1st period - Casey Mittelstadt is hit by Blake Wheeler.
3:13 of 1st period - Icing by Damon Severson.
3:14 of 1st period - Ryan Getzlaf wins face-off versus William Nylander in WASHINGTON zone.
3:14 of 1st period - Ryan Getzlaf is hit by Kevin Fiala.
4:05 of 1st period - Minor Penalty to Cal Clutterbuck for Holding.
4:06 of 1st period - Ryan O'Reilly wins face-off versus Ivan Barbashev in WASHINGTON zone.
5:01 of 1st period - Victor Hedman is hit by Reilly Smith and loses puck.
5:17 of 1st period - Icing by Miro Heiskanen.
5:18 of 1st period - Ryan O'Reilly wins face-off versus Reilly Smith in BOSTON zone.
5:47 of 1st period - Shot by Ilya Kovalchuk.
5:47 of 1st period - Stopped by Carter Hart without a rebound.
5:48 of 1st period - Luke Glendening wins face-off versus Reilly Smith in WASHINGTON zone.
6:29 of 1st period - Shot by Philippe Myers.
6:29 of 1st period - Shot Misses the Net.
6:32 of 1st period - Icing by Ryan Graves.
6:33 of 1st period - Alexandre Texier wins face-off versus Luke Glendening in WASHINGTON zone.
6:34 of 1st period - Shot by Filip Hronek.
6:34 of 1st period - Stopped by Carter Hart without a rebound.
6:35 of 1st period - Ryan O'Reilly wins face-off versus Ivan Barbashev in WASHINGTON zone.
6:54 of 1st period - Shot by Blake Comeau.
6:54 of 1st period - Shot Blocked by Victor Hedman.
6:56 of 1st period - Shot by Alec Martinez.
6:56 of 1st period - Shot Misses the Net.
7:01 of 1st period - Minor Penalty to Matt Niskanen for Hooking.
7:02 of 1st period - William Nylander wins face-off versus Luke Glendening in WASHINGTON zone.
7:29 of 1st period - Shot by Ivan Provorov.
7:29 of 1st period - Shot Blocked by Radko Gudas.
7:39 of 1st period - Shot by Ivan Provorov.
7:39 of 1st period - Stopped by Carter Hart with a rebound.
7:52 of 1st period - Icing by Alec Martinez.
7:53 of 1st period - Ivan Barbashev wins face-off versus Ryan O'Reilly in BOSTON zone.
10:08 of 1st period - Shot by Blake Wheeler.
10:08 of 1st period - Shot Blocked by Miro Heiskanen.
10:15 of 1st period - Icing by Dylan DeMelo.
10:16 of 1st period - Ryan O'Reilly wins face-off versus William Nylander in WASHINGTON zone.
10:48 of 1st period - Kevin Fiala is hit by Casey Cizikas.
11:43 of 1st period - Shot by Brendan Gallagher.
11:43 of 1st period - Stopped by Thatcher Demko without a rebound.
11:44 of 1st period - Brayden Schenn wins face-off versus Casey Mittelstadt in BOSTON zone.
11:44 of 1st period - Dylan DeMelo is hit by Philippe Myers and loses puck.
13:07 of 1st period - Shot by Ryan Getzlaf.
13:07 of 1st period - Stopped by Thatcher Demko with a rebound.
13:32 of 1st period - Blake Comeau is hit by Victor Hedman and loses puck.
14:11 of 1st period - Shot by Justin Williams.
14:11 of 1st period - Shot Misses the Net.
14:13 of 1st period - Shot by Casey Cizikas.
14:13 of 1st period - Stopped by Thatcher Demko with a rebound.
14:22 of 1st period - Icing by Ivan Provorov.
14:23 of 1st period - Ryan O'Reilly wins face-off versus Ivan Barbashev in BOSTON zone.
14:35 of 1st period - Ivan Provorov is hit by Damon Severson and loses puck.
15:07 of 1st period - Icing by Miro Heiskanen.
15:08 of 1st period - Blake Comeau wins face-off versus Ryan Getzlaf in BOSTON zone.
16:47 of 1st period - Shot by Andrew Mangiapane.
16:47 of 1st period - Stopped by Carter Hart without a rebound.
16:48 of 1st period - Casey Cizikas wins face-off versus Casey Mittelstadt in WASHINGTON zone.
17:16 of 1st period - Icing by Andrew Mangiapane.
17:17 of 1st period - Ryan O'Reilly wins face-off versus Andrew Mangiapane in BOSTON zone.
18:17 of 1st period - Shot by Reilly Smith.
18:17 of 1st period - Deflect By Alexandre Texier.
18:17 of 1st period - Shot Misses the Net.
18:19 of 1st period - Shot by Victor Olofsson.
18:19 of 1st period - Stopped by Carter Hart without a rebound.
18:20 of 1st period - Casey Cizikas wins face-off versus William Nylander in WASHINGTON zone.
18:25 of 1st period - Shot by Justin Williams.
18:25 of 1st period - Stopped by Thatcher Demko without a rebound.
18:26 of 1st period - Brayden Schenn wins face-off versus William Nylander in BOSTON zone.
Goals for this period are 0 for BOSTON vs 1 for WASHINGTON.
Shots for this period are 5 for BOSTON vs 6 for WASHINGTON.

2nd period


0:01 of 2nd period - William Nylander wins face-off versus Ryan O'Reilly in neutral zone.
0:14 of 2nd period - Shot by Blake Wheeler.
0:14 of 2nd period - Shot Misses the Net.
0:16 of 2nd period - Shot by Matt Niskanen.
0:16 of 2nd period - Shot Misses the Net.
0:18 of 2nd period - Shot by Blake Wheeler.
0:18 of 2nd period - Shot Misses the Net.
0:28 of 2nd period - Shot by Ryan O'Reilly.
0:28 of 2nd period - Shot Misses the Net.
0:30 of 2nd period - Shot by Victor Hedman.
0:30 of 2nd period - Stopped by Thatcher Demko without a rebound.
0:31 of 2nd period - Ivan Barbashev wins face-off versus Ryan Getzlaf in BOSTON zone.
0:47 of 2nd period - Shot by Ryan Getzlaf.
0:47 of 2nd period - Shot Blocked by Alec Martinez.
0:55 of 2nd period - Shot by Clayton Keller.
0:55 of 2nd period - Stopped by Thatcher Demko without a rebound.
0:56 of 2nd period - Luke Glendening wins face-off versus Casey Mittelstadt in BOSTON zone.
2:25 of 2nd period - Reilly Smith is hit by Damon Severson and loses puck.
2:54 of 2nd period - Minor Penalty to Philippe Myers for Hooking.
2:55 of 2nd period - Ryan Getzlaf wins face-off versus Reilly Smith in BOSTON zone.
3:12 of 2nd period - Shot by Ryan Getzlaf.
3:12 of 2nd period - Shot Blocked by Ivan Provorov.
4:30 of 2nd period - Shot by Reilly Smith.
4:30 of 2nd period - Deflect By William Nylander.
4:30 of 2nd period - Shot Misses the Net.
4:32 of 2nd period - Shot by Alec Martinez.
4:32 of 2nd period - Shot Misses the Net.
4:34 of 2nd period - Shot by William Nylander.
4:34 of 2nd period - Stopped by Carter Hart without a rebound.
4:35 of 2nd period - Justin Williams wins face-off versus Kevin Fiala in WASHINGTON zone.
4:42 of 2nd period - Shot by Ilya Kovalchuk.
4:42 of 2nd period - Shot Misses the Net.
6:21 of 2nd period - Shot by Clayton Keller.
6:21 of 2nd period - Shot Misses the Net.
6:29 of 2nd period - Shot by Brendan Gallagher.
6:29 of 2nd period - Shot Blocked by Philippe Myers.
6:45 of 2nd period - Shot by Justin Williams.
6:45 of 2nd period - Shot Blocked by Philippe Myers.
6:47 of 2nd period - Shot by Victor Hedman.
6:47 of 2nd period - Stopped by Thatcher Demko with a rebound.
6:49 of 2nd period - Shot by Matt Niskanen.
6:49 of 2nd period - Goal by Matt Niskanen - BOSTON : 0 - WASHINGTON : 2.
6:50 of 2nd period - Luke Glendening wins face-off versus William Nylander in neutral zone.
7:21 of 2nd period - Shot by Reilly Smith.
7:21 of 2nd period - Shot Misses the Net.
7:23 of 2nd period - Shot by Reilly Smith.
7:23 of 2nd period - Stopped by Carter Hart without a rebound.
7:24 of 2nd period - Casey Mittelstadt wins face-off versus Ryan O'Reilly in WASHINGTON zone.
7:35 of 2nd period - Shot by Miles Wood.
7:35 of 2nd period - Stopped by Carter Hart without a rebound.
7:36 of 2nd period - Ryan Getzlaf wins face-off versus Alexandre Texier in WASHINGTON zone.
7:42 of 2nd period - Clayton Keller is hit by Filip Hronek and loses puck.
8:06 of 2nd period - Icing by Victor Olofsson.
8:07 of 2nd period - Ryan O'Reilly wins face-off versus Alexandre Texier in BOSTON zone.
8:11 of 2nd period - Icing by Alec Martinez.
8:12 of 2nd period - Alexandre Texier wins face-off versus Ryan O'Reilly in BOSTON zone.
8:12 of 2nd period - Filip Hronek is hit by Blake Wheeler and loses puck.
8:22 of 2nd period - Filip Hronek is hit by Matt Niskanen and loses puck.
8:23 of 2nd period - Minor Penalty to Matt Niskanen for Slashing.
8:24 of 2nd period - William Nylander wins face-off versus Luke Glendening in WASHINGTON zone.
8:29 of 2nd period - Shot by Kevin Fiala.
8:29 of 2nd period - Deflect By William Nylander.
8:29 of 2nd period - Shot Misses the Net.
8:31 of 2nd period - Shot by Ivan Provorov.
8:31 of 2nd period - Shot Blocked by Ryan Graves.
8:33 of 2nd period - Shot by Reilly Smith.
8:33 of 2nd period - Shot Misses the Net.
8:35 of 2nd period - Shot by Reilly Smith.
8:35 of 2nd period - Shot Misses the Net.
8:37 of 2nd period - Shot by Ivan Provorov.
8:37 of 2nd period - Stopped by Carter Hart with a rebound.
8:39 of 2nd period - Shot by Ivan Provorov.
8:39 of 2nd period - Deflect By Kevin Fiala.
8:39 of 2nd period - Shot Blocked by Ryan Graves.
8:41 of 2nd period - Shot by Ivan Provorov.
8:41 of 2nd period - Shot Misses the Net.
8:43 of 2nd period - Shot by Reilly Smith.
8:43 of 2nd period - Shot Blocked by Ryan Graves.
8:45 of 2nd period - Shot by Kevin Fiala.
8:45 of 2nd period - Stopped by Carter Hart without a rebound.
8:46 of 2nd period - Ryan O'Reilly wins face-off versus Ivan Barbashev in WASHINGTON zone.
8:52 of 2nd period - Icing by Alec Martinez.
8:53 of 2nd period - Ivan Barbashev wins face-off versus Ryan O'Reilly in BOSTON zone.
8:53 of 2nd period - Ivan Barbashev is hit by Casey Cizikas.
9:14 of 2nd period - Ilya Kovalchuk is hit by Ryan Graves and loses puck.
9:45 of 2nd period - Shot by Miro Heiskanen.
9:45 of 2nd period - Stopped by Carter Hart without a rebound.
9:46 of 2nd period - William Nylander wins face-off versus Luke Glendening in WASHINGTON zone.
10:13 of 2nd period - Shot by Kevin Fiala.
10:13 of 2nd period - Stopped by Carter Hart with a rebound.
10:47 of 2nd period - Shot by Miles Wood.
10:47 of 2nd period - Deflect By Andrew Mangiapane.
10:47 of 2nd period - Stopped by Carter Hart without a rebound.
10:48 of 2nd period - Ryan O'Reilly wins face-off versus Ivan Barbashev in WASHINGTON zone.
11:36 of 2nd period - Icing by Alec Martinez.
11:37 of 2nd period - Ivan Barbashev wins face-off versus Ryan Getzlaf in BOSTON zone.
11:56 of 2nd period - Shot by Brendan Gallagher.
11:56 of 2nd period - Stopped by Thatcher Demko without a rebound.
11:57 of 2nd period - Casey Cizikas wins face-off versus William Nylander in BOSTON zone.
12:20 of 2nd period - Shot by Justin Williams.
12:20 of 2nd period - Stopped by Thatcher Demko without a rebound.
12:21 of 2nd period - Ryan Getzlaf wins face-off versus Miles Wood in BOSTON zone.
12:32 of 2nd period - Casey Mittelstadt is hit by Ryan Getzlaf and loses puck.
12:39 of 2nd period - Shot by Clayton Keller.
12:39 of 2nd period - Shot Misses the Net.
12:53 of 2nd period - Shot by Brendan Gallagher.
12:53 of 2nd period - Shot Misses the Net.
13:25 of 2nd period - Shot by Miro Heiskanen.
13:25 of 2nd period - Shot Blocked by Victor Hedman.
13:27 of 2nd period - Shot by Reilly Smith.
13:27 of 2nd period - Stopped by Carter Hart without a rebound.
13:28 of 2nd period - Alexandre Texier wins face-off versus Ryan O'Reilly in WASHINGTON zone.
14:07 of 2nd period - Shot by Ryan O'Reilly.
14:07 of 2nd period - Shot Misses the Net.
14:33 of 2nd period - Shot by Casey Cizikas.
14:33 of 2nd period - Shot Blocked by Ivan Provorov.
14:35 of 2nd period - Shot by Brayden Schenn.
14:35 of 2nd period - Shot Misses the Net.
14:37 of 2nd period - Shot by Casey Cizikas.
14:37 of 2nd period - Stopped by Thatcher Demko without a rebound.
14:38 of 2nd period - Luke Glendening wins face-off versus Casey Mittelstadt in BOSTON zone.
14:53 of 2nd period - Casey Mittelstadt is hit by Luke Glendening and loses puck.
15:30 of 2nd period - Shot by Clayton Keller.
15:30 of 2nd period - Shot Misses the Net.
15:32 of 2nd period - Shot by Matt Niskanen.
15:32 of 2nd period - Shot Misses the Net.
15:44 of 2nd period - Shot by Brendan Gallagher.
15:44 of 2nd period - Stopped by Thatcher Demko with a rebound.
15:46 of 2nd period - Shot by Clayton Keller.
15:46 of 2nd period - Deflect By Brendan Gallagher.
15:46 of 2nd period - Stopped by Thatcher Demko without a rebound.
15:47 of 2nd period - Ryan O'Reilly wins face-off versus William Nylander in BOSTON zone.
16:05 of 2nd period - Shot by Reilly Smith.
16:05 of 2nd period - Stopped by Carter Hart without a rebound.
16:06 of 2nd period - Justin Williams wins face-off versus Ivan Barbashev in WASHINGTON zone.
16:45 of 2nd period - Shot by Brayden Schenn.
16:45 of 2nd period - Shot Misses the Net.
18:32 of 2nd period - Zach Parise is hit by Philippe Myers and loses puck.
18:41 of 2nd period - Shot by Ryan O'Reilly.
18:41 of 2nd period - Shot Blocked by Philippe Myers.
19:03 of 2nd period - Shot by Luke Glendening.
19:03 of 2nd period - Shot Misses the Net.
19:05 of 2nd period - Shot by Victor Hedman.
19:05 of 2nd period - Shot Misses the Net.
19:47 of 2nd period - Shot by Reilly Smith.
19:47 of 2nd period - Shot Misses the Net.
Goals for this period are 0 for BOSTON vs 1 for WASHINGTON.
Shots for this period are 10 for BOSTON vs 9 for WASHINGTON.

3rd period


0:01 of 3rd period - William Nylander wins face-off versus Ryan Getzlaf in neutral zone.
1:05 of 3rd period - Icing by Brendan Gallagher.
1:06 of 3rd period - Brendan Gallagher wins face-off versus Casey Mittelstadt in WASHINGTON zone.
1:11 of 3rd period - Shot by Andrew Mangiapane.
1:11 of 3rd period - Shot Blocked by Victor Hedman.
1:22 of 3rd period - Shot by Casey Mittelstadt.
1:22 of 3rd period - Shot Misses the Net.
1:35 of 3rd period - Minor Penalty to Philippe Myers for Hooking.
1:36 of 3rd period - Ryan O'Reilly wins face-off versus Reilly Smith in BOSTON zone.
1:46 of 3rd period - Shot by Zach Parise.
1:46 of 3rd period - Stopped by Thatcher Demko with a rebound.
1:48 of 3rd period - Shot by Brayden Schenn.
1:48 of 3rd period - Shot Misses the Net.
1:50 of 3rd period - Shot by Brayden Schenn.
1:50 of 3rd period - Shot Misses the Net.
1:52 of 3rd period - Shot by Damon Severson.
1:52 of 3rd period - Shot Misses the Net.
2:29 of 3rd period - Icing by Ryan Graves.
2:30 of 3rd period - Reilly Smith wins face-off versus Justin Williams in WASHINGTON zone.
2:45 of 3rd period - Shot by Ryan Graves.
2:45 of 3rd period - Stopped by Thatcher Demko without a rebound.
2:46 of 3rd period - William Nylander wins face-off versus Ryan O'Reilly in BOSTON zone.
2:57 of 3rd period - Shot by Damon Severson.
2:57 of 3rd period - Shot Misses the Net.
2:59 of 3rd period - Shot by Zach Parise.
2:59 of 3rd period - Shot Blocked by Alec Martinez.
3:35 of 3rd period - Shot by Clayton Keller.
3:35 of 3rd period - Deflect By Casey Cizikas.
3:35 of 3rd period - Stopped by Thatcher Demko without a rebound.
3:36 of 3rd period - Casey Cizikas wins face-off versus Casey Mittelstadt in BOSTON zone.
4:36 of 3rd period - Icing by Ivan Barbashev.
4:37 of 3rd period - Ryan Getzlaf wins face-off versus Blake Comeau in BOSTON zone.
5:56 of 3rd period - Icing by William Nylander.
5:57 of 3rd period - Luke Glendening wins face-off versus William Nylander in BOSTON zone.
6:06 of 3rd period - Shot by Cal Clutterbuck.
6:06 of 3rd period - Stopped by Thatcher Demko without a rebound.
6:07 of 3rd period - Ryan O'Reilly wins face-off versus Casey Mittelstadt in BOSTON zone.
6:07 of 3rd period - Matt Niskanen is hit by Ivan Provorov and loses puck.
7:05 of 3rd period - Minor Penalty to Philippe Myers for Hooking.
7:06 of 3rd period - Reilly Smith wins face-off versus Ryan Getzlaf in BOSTON zone.
7:06 of 3rd period - Reilly Smith is hit by Brendan Gallagher.
7:14 of 3rd period - Shot by Ryan Getzlaf.
7:14 of 3rd period - Stopped by Thatcher Demko without a rebound.
7:15 of 3rd period - Reilly Smith wins face-off versus Ryan Getzlaf in BOSTON zone.
7:15 of 3rd period - William Nylander is hit by Ryan Getzlaf and loses puck.
7:22 of 3rd period - Shot by Brendan Gallagher.
7:22 of 3rd period - Shot Misses the Net.
7:24 of 3rd period - Shot by Clayton Keller.
7:24 of 3rd period - Shot Blocked by Alec Martinez.
7:26 of 3rd period - Shot by Damon Severson.
7:26 of 3rd period - Stopped by Thatcher Demko without a rebound.
7:27 of 3rd period - Ryan O'Reilly wins face-off versus Reilly Smith in BOSTON zone.
7:46 of 3rd period - Shot by Blake Wheeler.
7:46 of 3rd period - Shot Misses the Net.
7:48 of 3rd period - Shot by Ryan O'Reilly.
7:48 of 3rd period - Shot Misses the Net.
8:26 of 3rd period - Shot by Brendan Gallagher.
8:26 of 3rd period - Deflect By Ryan Getzlaf.
8:26 of 3rd period - Stopped by Thatcher Demko with a rebound.
8:28 of 3rd period - Shot by Brendan Gallagher.
8:28 of 3rd period - Stopped by Thatcher Demko without a rebound.
8:29 of 3rd period - Reilly Smith wins face-off versus Ryan Getzlaf in BOSTON zone.
8:29 of 3rd period - Reilly Smith is hit by Ryan Getzlaf.
8:45 of 3rd period - Shot by Damon Severson.
8:45 of 3rd period - Shot Misses the Net.
8:47 of 3rd period - Shot by Clayton Keller.
8:47 of 3rd period - Deflect By Ryan Getzlaf.
8:47 of 3rd period - Shot Blocked by Ivan Provorov.
8:49 of 3rd period - Shot by Brendan Gallagher.
8:49 of 3rd period - Deflect By Clayton Keller.
8:49 of 3rd period - Stopped by Thatcher Demko with a rebound.
9:05 of 3rd period - Shot by Ryan Getzlaf.
9:05 of 3rd period - Stopped by Thatcher Demko without a rebound.
9:06 of 3rd period - Ivan Barbashev wins face-off versus Casey Cizikas in BOSTON zone.
9:13 of 3rd period - Shot by Blake Comeau.
9:13 of 3rd period - Stopped by Carter Hart without a rebound.
9:14 of 3rd period - Ryan O'Reilly wins face-off versus Ivan Barbashev in WASHINGTON zone.
9:19 of 3rd period - Alec Martinez is hit by Blake Wheeler and loses puck.
11:03 of 3rd period - Shot by Reilly Smith.
11:03 of 3rd period - Deflect By William Nylander.
11:03 of 3rd period - Shot Blocked by Damon Severson.
11:05 of 3rd period - Shot by Miro Heiskanen.
11:05 of 3rd period - Stopped by Carter Hart without a rebound.
11:06 of 3rd period - Casey Cizikas wins face-off versus Andrew Mangiapane in WASHINGTON zone.
11:06 of 3rd period - Justin Williams is hit by Andrew Mangiapane and loses puck.
11:27 of 3rd period - Shot by Brayden Schenn.
11:27 of 3rd period - Shot Misses the Net.
11:36 of 3rd period - Miles Wood is hit by Dylan DeMelo and loses puck.
12:05 of 3rd period - Shot by Ivan Provorov.
12:05 of 3rd period - Shot Blocked by Matt Niskanen.
12:27 of 3rd period - Shot by Ryan O'Reilly.
12:27 of 3rd period - Goal by Ryan O'Reilly - BOSTON : 0 - WASHINGTON : 3.
12:28 of 3rd period - Ryan Getzlaf wins face-off versus Alexandre Texier in neutral zone.
12:39 of 3rd period - Shot by Alexandre Texier.
12:39 of 3rd period - Shot Misses the Net.
12:45 of 3rd period - Shot by Damon Severson.
12:45 of 3rd period - Shot Misses the Net.
12:53 of 3rd period - Shot by Clayton Keller.
12:53 of 3rd period - Shot Misses the Net.
12:55 of 3rd period - Shot by Brendan Gallagher.
12:55 of 3rd period - Shot Misses the Net.
12:57 of 3rd period - Shot by Damon Severson.
12:57 of 3rd period - Shot Blocked by Victor Olofsson.
13:37 of 3rd period - Shot by Miro Heiskanen.
13:37 of 3rd period - Stopped by Carter Hart without a rebound.
13:38 of 3rd period - Ryan O'Reilly wins face-off versus Ivan Barbashev in WASHINGTON zone.
13:40 of 3rd period - Icing by Blake Wheeler.
13:41 of 3rd period - Ivan Barbashev wins face-off versus Ryan O'Reilly in WASHINGTON zone.
15:57 of 3rd period - Icing by Ivan Provorov.
15:58 of 3rd period - Luke Glendening wins face-off versus William Nylander in BOSTON zone.
16:50 of 3rd period - Shot by Zach Parise.
16:50 of 3rd period - Shot Hit the Post.
16:52 of 3rd period - Shot by Ryan Graves.
16:52 of 3rd period - Goal by Ryan Graves - BOSTON : 0 - WASHINGTON : 4.
16:53 of 3rd period - Ryan Getzlaf wins face-off versus Ivan Barbashev in neutral zone.
16:53 of 3rd period - Clayton Keller is hit by Blake Comeau and loses puck.
17:26 of 3rd period - Shot by Ryan Getzlaf.
17:26 of 3rd period - Shot Misses the Net.
17:43 of 3rd period - Dylan DeMelo is hit by Blake Comeau and loses puck.
17:58 of 3rd period - Shot by Zach Parise.
17:58 of 3rd period - Shot Misses the Net.
18:10 of 3rd period - Shot by Ryan O'Reilly.
18:10 of 3rd period - Shot Blocked by Juuso Valimaki.
18:47 of 3rd period - Icing by Filip Hronek.
18:48 of 3rd period - Luke Glendening wins face-off versus Casey Mittelstadt in BOSTON zone.
19:11 of 3rd period - Shot by Andrew Mangiapane.
19:11 of 3rd period - Stopped by Carter Hart without a rebound.
19:12 of 3rd period - Ryan Getzlaf wins face-off versus William Nylander in WASHINGTON zone.
19:12 of 3rd period - Damon Severson is hit by William Nylander and loses puck.
19:51 of 3rd period - Shot by Ivan Provorov.
19:51 of 3rd period - Shot Misses the Net.
Goals for this period are 0 for BOSTON vs 2 for WASHINGTON.
Shots for this period are 4 for BOSTON vs 12 for WASHINGTON.